Workbook
Name _Hlk75865405: ★①様式3号の１入力シート!#REF!
Name _Hlk75865405: '★②様式3号の２入力シート '!#REF!
Name _Hlk75865405: ①様式3号の1印刷!#REF!
Name _Hlk75865405: ②様式3号の２印刷!#REF!

Sheet ★①様式3号の１入力シート
A1: （様式3号の1） | AC1: （1枚目 県社協提出用） | AF1: リスト | AH1: リスト
P2: 受 付 社 協 | Z2: （支部・支所） | AF2: ○ | AH2: 普通
P3: エントリー番号 | AF3: ◎ | AH3: 当座
AH4: 貯蓄
A5: 令和８年度ひょうごボランタリー基金
A6: 県民ボランタリー活動助成金交付申請書兼請求書
A7: 社会福祉法人兵庫県社会福祉協議会会長 様
A8: （ひょうごボランタリープラザ）
T9: 申請日 | V9: 令和 | Y9: 年 | AA9: 月 | AC9: 日 | AE9: 申請日
A10: 団 体 名 | AE10: 団体名 | AF10: =IF(D10="","NG","OK") -> NG
D11: ※エントリー書に記載した名称を記入してください（例：朗読ボランティアグループさくら）
A12: 代表者 職・氏名 | D12: 職名 | P12: 氏名 | AE12: 職名 | AF12: =IF(F12="","NG","OK") -> NG | AH12: 氏名 | AI12: =IF(R12="","NG","OK") -> NG
A13: 団体の主たる事務所又は代表者の住所 | D13: 〒 | AE13: 〒 | AF13: =IF(E13="","NG","OK") -> NG | AH13: 住所 | AI13: =IF(I13="","NG","OK") -> NG
A14: 電 話 番 号 | P14: ＦＡＸ番号 | AE14: 電話番号 | AF14: =IF(D14="","NG","OK") -> NG | AH14: FAX | AI14: =IF(S14="","要確認","OK") -> 要確認
A15: 令和８年度ひょうごボランタリー基金県民ボランタリー活動助成金の交付を受けたいので、次のとおり申請及び請求します。
A16: 助成金交付申請及び請求額 | D16: 20000 | I16: 円 | J16: 団体の構成人数 | U16: 人 ※実際の活動人数を記入してください。 | AE16: 構成人数 | AF16: =IF(P16="","NG","OK") -> NG
F17: 氏 名 | L17: 住 所 | X17: 電 話 番 号
A18: 構成員の名簿 | D18: 1 代表者 | AE18: １代表者 | AF18: =IF(F18="","NG","OK") -> NG
A19: ※ 上記「団体の構成人数」のうち、代表者、会計担当を含めて5名分を記入してください。 | D19: 2 会 計 | AE19: ２会計 | AF19: =IF(F19="","NG","OK") -> NG
D20: 3 | AE20: 3 | AF20: =IF(F20="","NG","OK") -> NG
A21: ※ 5名以上の構成員がいる場合、追加の名簿等を添付していただく必要はありません。 | D21: 4 | AE21: 4 | AF21: =IF(F21="","NG","OK") -> NG
D22: 5 | AE22: 5 | AF22: =IF(F22="","NG","OK") -> NG
A23: ※ 代表者と会計が同一人物の場合は記入してください。 | D23: 6 | AE23: 6 | AF23: =IF(F23="","要確認","OK") -> 要確認
A24: 活動分野 | C24: 次の19の活動分野の中で、メインの活動分野を一つ選んで◎を、それ以外の活動分野すべてに○を、（ ）に記入してください。 ドロップダウンリストから選択
C25: ( | E25: ) 1 | F25: 保健、医療又は福祉の増進を図る活動 | L25: ( | N25: ) 8 | O25: 災害救援活動 | U25: ( | W25: )15 | X25: 科学技術の振興を図る活動 | AE25: 活動分野 | AF25: =IF(Z31=1,"OK","NG") -> NG
C26: ( | E26: ) 2 | F26: 社会教育の推進を図る活動 | L26: ( | N26: ) 9 | O26: 地域安全活動 | U26: ( | W26: )16 | X26: 経済活動の活性化を図る活動
C27: ( | E27: ) 3 | F27: まちづくりの推進を図る活動 | L27: ( | N27: )10 | O27: 人権の擁護又は平和の推進を図る活動 | U27: ( | W27: )17 | X27: 職業能力の開発又は雇用機会の拡充を支援する活動
C28: ( | E28: ) 4 | F28: 観光の振興を図る活動 | L28: ( | N28: )11 | O28: 国際協力の活動 | U28: ( | W28: )18 | X28: 消費者の保護を図る活動
C29: ( | E29: ) 5 | F29: 農山漁村又は中山間地域の振興を図る活動 | L29: ( | N29: )12 | O29: 男女共同参画社会の形成の促進を図る活動 | U29: ( | W29: )19 | X29: 前各号に掲げる活動を行う団体の運営又は活動に関する連絡、助言又は援助の活動
C30: ( | E30: ) 6 | F30: 学術、文化、芸術又はスポーツの振興を図る活動 | L30: ( | N30: )13 | O30: 子どもの健全育成を図る活動
C31: ( | E31: ) 7 | F31: 環境の保全を図る活動 | L31: ( | N31: )14 | O31: 情報化社会の発展を図る活動 | Y31: ◎ | Z31: =COUNTIF(D25:V31,"◎") -> 0 | AA31: ○ | AB31: =COUNTIF(D25:V31,"○") -> 0
A33: 助成金の振込先 | AE33: 銀行名 | AF33: =IF(D34="","NG","OK") -> NG | AG33: 金融機関番号 | AH33: =IF(N34="","NG","OK") -> NG
A34: 銀行名 | K34: 金融機関番号（４桁） | Q34: 支店名 | X34: 支店 | Y34: 店番号 （３桁） | AE34: 支店名 | AF34: =IF(S34="","NG","OK") -> NG | AG34: 店番号 | AH34: =IF(AA34="","NG","OK") -> NG
A35: 口座番号 （７桁） | V35: 預金種目 | AE35: 口座番号 | AF35: =IF(D35="","NG","OK") -> NG | AG35: 預金種目 | AH35: =IF(Y35="","NG","OK") -> NG
A36: お受取人 | D36: フリガナ | AE36: フリガナ | AF36: =IF(F36="","NG","OK") -> NG
D37: お名前 | AE37: 名前 | AF37: =IF(F37="","NG","OK") -> NG
A39: （注意事項） | D39: ① 通帳の表紙及び表紙裏をご確認のうえ、正確にご記入ください。 | W39: 市区町社協チェック✔欄
D40: ② お受取人「お名前」は表紙に記載されている名義を、「フリガナ」は表紙に | X40: □ | Z40: 振込先を通帳と
D41: 記載されている名義のフリガナを全て記入してください。 | Z41: 照合しました。
A43: 県民ボランタリー活動助成金交付申請書兼請求書の記入例を参考に、ご記入ください。
A44: ○ 活動実績
A45: 日 | B45: 年 月 日 | F45: 活 動 内 容 | P45: 活 動 場 所 | U45: 活動対象者 | X45: 対象者人数 | AA45: 活動従事者数
A46: 1 | Z46: 人 | AC46: 人 | AE46: 1 | AF46: =IF(B46="","NG",IF(F46="","NG",IF(P46="","NG",IF(U46="","NG",IF(X46="","NG",IF(AA46="","NG","OK")))))) -> NG
A47: 2 | Z47: 人 | AC47: 人 | AE47: 2 | AF47: =IF(B47="","NG",IF(F47="","NG",IF(P47="","NG",IF(U47="","NG",IF(X47="","NG",IF(AA47="","NG","OK")))))) -> NG
A48: 3 | Z48: 人 | AC48: 人 | AE48: 3 | AF48: =IF(B48="","NG",IF(F48="","NG",IF(P48="","NG",IF(U48="","NG",IF(X48="","NG",IF(AA48="","NG","OK")))))) -> NG
A49: 4 | Z49: 人 | AC49: 人 | AE49: 4 | AF49: =IF(B49="","NG",IF(F49="","NG",IF(P49="","NG",IF(U49="","NG",IF(X49="","NG",IF(AA49="","NG","OK")))))) -> NG
A50: 5 | Z50: 人 | AC50: 人 | AE50: 5 | AF50: =IF(B50="","NG",IF(F50="","NG",IF(P50="","NG",IF(U50="","NG",IF(X50="","NG",IF(AA50="","NG","OK")))))) -> NG
A51: 6 | Z51: 人 | AC51: 人 | AE51: 6 | AF51: =IF(B51="","NG",IF(F51="","NG",IF(P51="","NG",IF(U51="","NG",IF(X51="","NG",IF(AA51="","NG","OK")))))) -> NG
A52: 7 | Z52: 人 | AC52: 人 | AE52: 7 | AF52: =IF(B52="","NG",IF(F52="","NG",IF(P52="","NG",IF(U52="","NG",IF(X52="","NG",IF(AA52="","NG","OK")))))) -> NG
A53: 8 | Z53: 人 | AC53: 人 | AE53: 8 | AF53: =IF(B53="","NG",IF(F53="","NG",IF(P53="","NG",IF(U53="","NG",IF(X53="","NG",IF(AA53="","NG","OK")))))) -> NG
A54: 9 | Z54: 人 | AC54: 人 | AE54: 9 | AF54: =IF(B54="","NG",IF(F54="","NG",IF(P54="","NG",IF(U54="","NG",IF(X54="","NG",IF(AA54="","NG","OK")))))) -> NG
A55: 10 | Z55: 人 | AC55: 人 | AE55: 10 | AF55: =IF(B55="","NG",IF(F55="","NG",IF(P55="","NG",IF(U55="","NG",IF(X55="","NG",IF(AA55="","NG","OK")))))) -> NG
A56: 11 | Z56: 人 | AC56: 人 | AE56: 11 | AF56: =IF(B56="","NG",IF(F56="","NG",IF(P56="","NG",IF(U56="","NG",IF(X56="","NG",IF(AA56="","NG","OK")))))) -> NG
A57: 12 | Z57: 人 | AC57: 人 | AE57: 12 | AF57: =IF(B57="","NG",IF(F57="","NG",IF(P57="","NG",IF(U57="","NG",IF(X57="","NG",IF(AA57="","NG","OK")))))) -> NG
A59: （注意事項）
A60: ①「年月日」欄は、日付順に、1日ごとに記入してください。「 4月1日～4月8日 」といった記入はしないでください。
A61: ②「活動内容」「活動場所」欄は、どんな活動をどこで実施したのか、できるだけ具体的に記入してください。
A62: ③「活動対象者」欄は、どのような方を活動の対象としたのか、できるだけ具体的に記入してください。
A63: ④「活動従事者数」欄は、団体の構成員（スタッフ）が何人活動に参加したのかを記入してください。
A64: ⑤ 13日以上の活動を行った場合、追加で資料等を添付していただく必要はありません。
A65: ※ 次のような活動は活動日数に含まれませんので注意してください。
B66: 宗教・政治・営利活動、ベルマーク等の収集活動、募金活動、物品・現金の寄贈、アルコール飲食を伴うような活動、事前準備（買い出し、仕込み、打合せ等）、団体のメンバーのみを対象とした練習・学習会や総会・例会・ミーティング・親睦会等、活動の性質上1人の活動とならざるを得ない活動以外での1人で行う活動
A68: ○ 活動の収入及び支出
A69: （収入の部） | F69: =IF(H79<40000,"収入の合計が40,000円未満です！","") -> 収入の合計が40,000円未満です！ | P69: （支出の部） | U69: =IF(W71<40000,"対象経費が40,000円未満です！","") -> 対象経費が40,000円未満です！
A70: 科目 | H70: 金額（円） | P70: 科目 | W70: 金額（円）
A71: 県民ボランタリー活動助成金 | H71: 20000 | P71: 対象経費（合計）
AE72: 対象経費 | AF72: =IF(W71<40000,"NG",IF(W71>H79,"NG","OK")) -> NG
R73: =IF(H79<W71,"対象経費が収入を上回ってます！","")
P74: 市区町社協チェック✔欄
R75: １ 活動内容を把握しています。
R77: ２ 令和７年度、本助成金交付団体です。
A79: 合計 | H79: =SUM(H71:N77) -> 20000 | P79: 【備考欄】
P80: (受付社協記入欄) | AE80: 収入 | AF80: =IF(H79<40000,"NG","OK") -> NG
A82: (注意事項)
A83: ① | B83: 合計金額は、40,000円（税込金額）以上、収入の部 ≧ 支出の部となるように注意してください。
A84: ② | B84: 支出の部「対象経費(合計)」金額欄にはチラシの「対象経費」欄をよくご確認のうえ、この助成の対象となる活動を行った際に、対象 となる経費を支払った合計金額を記入してください。
A85: ※1 | B85: この用紙に記入された個人情報は、本事業及びひょうごボランタリープラザが実施する「県民ボランタリー活動実態調査」の送付先として使用することがありますが、それ以外の目的で使用することはありません。なお、助成決定団体は、団体名、活動分野、活動地域（市区町名）が情報公開の対象となります。
A86: ※2 | B86: 1枚目県社協用、2枚目 市町社協控用、３枚目 区社協・市町社協支部・支所控用、4枚目 団体控用の4枚印刷してください。

Sheet ★②様式3号の２入力シート 
A1: （様式3号の2） | AC1: （1枚目 県社協提出用）
P2: 受 付 社 協 | Z2: （支部・支所）
P3: エントリー番号
A5: 令和８年度ひょうごボランタリー基金
A6: 県民ボランタリー活動助成金交付申請書兼請求書
A7: 社会福祉法人兵庫県社会福祉協議会会長 様
A8: （ひょうごボランタリープラザ）
T9: 申請日 | V9: 令和 | X9: =IF(★①様式3号の１入力シート!$X$9="","",★①様式3号の１入力シート!$X$9) | Y9: 年 | Z9: =IF(★①様式3号の１入力シート!$Z$9="","",★①様式3号の１入力シート!$Z$9) | AA9: 月 | AB9: =IF(★①様式3号の１入力シート!$AB$9="","",★①様式3号の１入力シート!$AB$9) | AC9: 日
A10: 団 体 名 | D10: =IF(★①様式3号の１入力シート!$D$10="","",★①様式3号の１入力シート!$D$10)
D11: ※エントリー書に記載した名称を記入してください（例：朗読ボランティアグループさくら）
A13: ○ 活動の支出
A14: （支出の部）
A15: 科 目 | F15: 支出の内容 | X15: 金額（円）
A25: 合 計 | F25: =IF(X25<40000,"合計金額が、40,000円未満です！ →","") -> 合計金額が、40,000円未満です！ → | X25: =SUM(X16:AC24) -> 0 | AE25: 金額 | AF25: =IF(X25<40000,"NG","OK") -> NG
A27: (注意事項)
A28: ① | B28: 合計で、40,000円（税込金額）以上の対象経費支出が必要です。
A29: ② | B29: 支出の部「対象経費(合計)」金額欄にはチラシの「対象経費」欄をよくご確認のうえ、この助成の対象となる活動を行った際に、対象 となる経費を支払った合計金額を記入してください。
A30: ③ | B30: 「金額」欄には、この助成の対象となる活動を行った際に、対象となる経費を支払った金額を記入してください。
A31: ④ | B31: チラシの「対象経費」欄をよくご確認のうえ、記入してください。
A32: ※1 | B32: この用紙に記入された個人情報は、本事業及びひょうごボランタリープラザが実施する「県民ボランタリー活動実態調査」の送付先として使用することがありますが、それ以外の目的で使用することはありません。なお、助成決定団体は、団体名、活動分野、活動地域（市区町名）が情報公開の対象となります。
A33: ※2 | B33: 1枚目社協用、2枚目 市町社協控用、３枚目 区社協・市町社協支部・支所控用、4枚目 団体控用の4枚印刷してください。

Sheet ①様式3号の1印刷
A1: （様式3号の1） | AC1: （1枚目 県社協提出用）
P2: 受 付 社 協 | Z2: （支部・支所）
P3: エントリー番号
A5: 令和８年度ひょうごボランタリー基金
A6: 県民ボランタリー活動助成金交付申請書兼請求書
A7: 社会福祉法人兵庫県社会福祉協議会会長 様
A8: （ひょうごボランタリープラザ）
T9: 申請日 | V9: 令和 | X9: =IF(★①様式3号の１入力シート!$X$9="","",★①様式3号の１入力シート!$X$9) | Y9: 年 | Z9: =IF(★①様式3号の１入力シート!$Z$9="","",★①様式3号の１入力シート!$Z$9) | AA9: 月 | AB9: =IF(★①様式3号の１入力シート!$AB$9="","",★①様式3号の１入力シート!$AB$9) | AC9: 日
A10: 団 体 名 | D10: =IF(★①様式3号の１入力シート!$D$10="","",★①様式3号の１入力シート!$D$10)
D11: ※エントリー書に記載した名称を記入してください（例：朗読ボランティアグループさくら）
A12: 代表者 職・氏名 | D12: 職名 | F12: =IF(★①様式3号の１入力シート!$F$12="","",★①様式3号の１入力シート!$F$12) | P12: 氏名 | R12: =IF(★①様式3号の１入力シート!$R$12="","",★①様式3号の１入力シート!$R$12)
A13: 団体の主たる事務所又は代表者の住所 | D13: 〒 | E13: =IF(★①様式3号の１入力シート!$E$13="","",★①様式3号の１入力シート!$E$13) | I13: =IF(★①様式3号の１入力シート!$I$13="","",★①様式3号の１入力シート!$I$13)
A14: 電 話 番 号 | D14: =IF(★①様式3号の１入力シート!$D$14="","",★①様式3号の１入力シート!$D$14) | P14: ＦＡＸ番号 | S14: =IF(★①様式3号の１入力シート!$S$14="","",★①様式3号の１入力シート!$S$14)
A15: 令和８年度ひょうごボランタリー基金県民ボランタリー活動助成金の交付を受けたいので、次のとおり申請及び請求します。
A16: 助成金交付申請及び請求額 | D16: 20000 | I16: 円 | J16: 団体の構成人数 | P16: =IF(★①様式3号の１入力シート!$P$16="","",★①様式3号の１入力シート!$P$16) | U16: 人 ※実際の活動人数を記入してください。
F17: 氏 名 | L17: 住 所 | X17: 電 話 番 号
A18: 構成員の名簿 | D18: 1 代表者 | F18: =IF(★①様式3号の１入力シート!$F$18="","",★①様式3号の１入力シート!$F$18) | L18: =IF(★①様式3号の１入力シート!$L$18="","",★①様式3号の１入力シート!$L$18) | X18: =IF(★①様式3号の１入力シート!$X$18="","",★①様式3号の１入力シート!$X$18)
A19: ※ 上記「団体の構成人数」のうち、代表者、会計担当を含めて5名分を記入してください。 | D19: 2 会 計 | F19: =IF(★①様式3号の１入力シート!$F$19="","",★①様式3号の１入力シート!$F$19) | L19: =IF(★①様式3号の１入力シート!$L$19="","",★①様式3号の１入力シート!$L$19) | X19: =IF(★①様式3号の１入力シート!$X$19="","",★①様式3号の１入力シート!$X$19)
D20: 3 | F20: =IF(★①様式3号の１入力シート!$F$20="","",★①様式3号の１入力シート!$F$20) | L20: =IF(★①様式3号の１入力シート!$L$20="","",★①様式3号の１入力シート!$L$20) | X20: =IF(★①様式3号の１入力シート!$X$20="","",★①様式3号の１入力シート!$X$20)
A21: ※ 5名以上の構成員がいる場合、追加の名簿等を添付していただく必要はありません。 | D21: 4 | F21: =IF(★①様式3号の１入力シート!$F$21="","",★①様式3号の１入力シート!$F$21) | L21: =IF(★①様式3号の１入力シート!$L$21="","",★①様式3号の１入力シート!$L$21) | X21: =IF(★①様式3号の１入力シート!$X$21="","",★①様式3号の１入力シート!$X$21)
D22: 5 | F22: =IF(★①様式3号の１入力シート!$F$22="","",★①様式3号の１入力シート!$F$22) | L22: =IF(★①様式3号の１入力シート!$L$22="","",★①様式3号の１入力シート!$L$22) | X22: =IF(★①様式3号の１入力シート!$X$22="","",★①様式3号の１入力シート!$X$22)
A23: ※ 代表者と会計が同一人物の場合は記入してください。 | D23: 6 | F23: =IF(★①様式3号の１入力シート!$F$23="","",★①様式3号の１入力シート!$F$23) | L23: =IF(★①様式3号の１入力シート!$L$23="","",★①様式3号の１入力シート!$L$23) | X23: =IF(★①様式3号の１入力シート!$X$23="","",★①様式3号の１入力シート!$X$23)
A24: 活動分野 | C24: 次の19の活動分野の中で、メインの活動分野を一つ選んで◎を、それ以外の活動分野すべてに○を、（ ）に記入してください。 ドロップダウンリストから選択
C25: ( | D25: =IF(★①様式3号の１入力シート!$D$25="","",★①様式3号の１入力シート!$D$25) | E25: ) 1 | F25: 保健、医療又は福祉の増進を図る活動 | L25: ( | M25: =IF(★①様式3号の１入力シート!$M$25="","",★①様式3号の１入力シート!$M$25) | N25: ) 8 | O25: 災害救援活動 | U25: ( | V25: =IF(★①様式3号の１入力シート!$V$25="","",★①様式3号の１入力シート!$V$25) | W25: )15 | X25: 科学技術の振興を図る活動
C26: ( | D26: =IF(★①様式3号の１入力シート!$D$26="","",★①様式3号の１入力シート!$D$26) | E26: ) 2 | F26: 社会教育の推進を図る活動 | L26: ( | M26: =IF(★①様式3号の１入力シート!$M$26="","",★①様式3号の１入力シート!$M$26) | N26: ) 9 | O26: 地域安全活動 | U26: ( | V26: =IF(★①様式3号の１入力シート!$V$26="","",★①様式3号の１入力シート!$V$26) | W26: )16 | X26: 経済活動の活性化を図る活動
C27: ( | D27: =IF(★①様式3号の１入力シート!$D$27="","",★①様式3号の１入力シート!$D$27) | E27: ) 3 | F27: まちづくりの推進を図る活動 | L27: ( | M27: =IF(★①様式3号の１入力シート!$M$27="","",★①様式3号の１入力シート!$M$27) | N27: )10 | O27: 人権の擁護又は平和の推進を図る活動 | U27: ( | V27: =IF(★①様式3号の１入力シート!$V$27="","",★①様式3号の１入力シート!$V$27) | W27: )17 | X27: 職業能力の開発又は雇用機会の拡充を支援する活動
C28: ( | D28: =IF(★①様式3号の１入力シート!$D$28="","",★①様式3号の１入力シート!$D$28) | E28: ) 4 | F28: 観光の振興を図る活動 | L28: ( | M28: =IF(★①様式3号の１入力シート!$M$28="","",★①様式3号の１入力シート!$M$28) | N28: )11 | O28: 国際協力の活動 | U28: ( | V28: =IF(★①様式3号の１入力シート!$V$28="","",★①様式3号の１入力シート!$V$28) | W28: )18 | X28: 消費者の保護を図る活動
C29: ( | D29: =IF(★①様式3号の１入力シート!$D$29="","",★①様式3号の１入力シート!$D$29) | E29: ) 5 | F29: 農山漁村又は中山間地域の振興を図る活動 | L29: ( | M29: =IF(★①様式3号の１入力シート!$M$29="","",★①様式3号の１入力シート!$M$29) | N29: )12 | O29: 男女共同参画社会の形成の促進を図る活動 | U29: ( | V29: =IF(★①様式3号の１入力シート!$V$29="","",★①様式3号の１入力シート!$V$29) | W29: )19 | X29: 前各号に掲げる活動を行う団体の運営又は活動に関する連絡、助言又は援助の活動
C30: ( | D30: =IF(★①様式3号の１入力シート!$D$30="","",★①様式3号の１入力シート!$D$30) | E30: ) 6 | F30: 学術、文化、芸術又はスポーツの振興を図る活動 | L30: ( | M30: =IF(★①様式3号の１入力シート!$M$30="","",★①様式3号の１入力シート!$M$30) | N30: )13 | O30: 子どもの健全育成を図る活動
C31: ( | D31: =IF(★①様式3号の１入力シート!$D$31="","",★①様式3号の１入力シート!$D$31) | E31: ) 7 | F31: 環境の保全を図る活動 | L31: ( | M31: =IF(★①様式3号の１入力シート!$M$31="","",★①様式3号の１入力シート!$M$31) | N31: )14 | O31: 情報化社会の発展を図る活動
A33: 助成金の振込先
A34: 銀行名 | D34: =IF(★①様式3号の１入力シート!$D$34="","",★①様式3号の１入力シート!$D$34) | K34: 金融機関番号（４桁） | N34: =IF(★①様式3号の１入力シート!$N$34="","",★①様式3号の１入力シート!$N$34) | Q34: 支店名 | S34: =IF(★①様式3号の１入力シート!$S$34="","",★①様式3号の１入力シート!$S$34) | X34: 支店 | Y34: 店番号 （３桁） | AA34: =IF(★①様式3号の１入力シート!$AA$34="","",★①様式3号の１入力シート!$AA$34)
A35: 口座番号 （７桁） | D35: =IF(★①様式3号の１入力シート!$D$35="","",★①様式3号の１入力シート!$D$35) | V35: 預金種目 | Y35: =IF(★①様式3号の１入力シート!$Y$35="","",★①様式3号の１入力シート!$Y$35)
A36: お受取人 | D36: フリガナ | F36: =IF(★①様式3号の１入力シート!$F$36="","",SUBSTITUTE(SUBSTITUTE(SUBSTITUTE(SUBSTITUTE(SUBSTITUTE(SUBSTITUTE(SUBSTITUTE(SUBSTITUTE(SUBSTITUTE(★①様式3号の１入力シート!$F$36,"ｧ","ｱ"),"ｨ","ｲ"),"ｩ","ｳ"),"ｪ","ｴ"),"ｫ","ｵ"),"ｯ","ﾂ"),"ｬ","ﾔ"),"ｭ","ﾕ"),"ｮ","ﾖ"))
D37: お名前 | F37: =IF(★①様式3号の１入力シート!$F$37="","",★①様式3号の１入力シート!$F$37)
A39: （注意事項） | D39: ① 通帳の表紙及び表紙裏をご確認のうえ、正確にご記入ください。 | W39: 市区町社協チェック✔欄
D40: ② お受取人「お名前」は表紙に記載されている名義を、「フリガナ」は表紙に | X40: □ | Z40: 振込先を通帳と
D41: 記載されている名義のフリガナを全て記入してください。 | Z41: 照合しました。
A43: 県民ボランタリー活動助成金交付申請書兼請求書の記入例を参考に、ご記入ください。
A44: ○ 活動実績
A45: 日 | B45: 年 月 日 | F45: 活 動 内 容 | P45: 活 動 場 所 | U45: 活動対象者 | X45: 対象者人数 | AA45: 活動従事者数
A46: 1 | B46: =IF(★①様式3号の１入力シート!$B$46="","",★①様式3号の１入力シート!$B$46) | F46: =IF(★①様式3号の１入力シート!$F$46="","",★①様式3号の１入力シート!$F$46) | P46: =IF(★①様式3号の１入力シート!$P$46="","",★①様式3号の１入力シート!$P$46) | U46: =IF(★①様式3号の１入力シート!$U$46="","",★①様式3号の１入力シート!$U$46) | X46: =IF(★①様式3号の１入力シート!$X$46="","",★①様式3号の１入力シート!$X$46) | Z46: 人 | AA46: =IF(★①様式3号の１入力シート!$AA$46="","",★①様式3号の１入力シート!$AA$46) | AC46: 人
A47: 2 | B47: =IF(★①様式3号の１入力シート!$B$47="","",★①様式3号の１入力シート!$B$47) | F47: =IF(★①様式3号の１入力シート!$F$47="","",★①様式3号の１入力シート!$F$47) | P47: =IF(★①様式3号の１入力シート!$P$47="","",★①様式3号の１入力シート!$P$47) | U47: =IF(★①様式3号の１入力シート!$U$47="","",★①様式3号の１入力シート!$U$47) | X47: =IF(★①様式3号の１入力シート!$X$47="","",★①様式3号の１入力シート!$X$47) | Z47: 人 | AA47: =IF(★①様式3号の１入力シート!$AA$47="","",★①様式3号の１入力シート!$AA$47) | AC47: 人
A48: 3 | B48: =IF(★①様式3号の１入力シート!$B$48="","",★①様式3号の１入力シート!$B$48) | F48: =IF(★①様式3号の１入力シート!$F$48="","",★①様式3号の１入力シート!$F$48) | P48: =IF(★①様式3号の１入力シート!$P$48="","",★①様式3号の１入力シート!$P$48) | U48: =IF(★①様式3号の１入力シート!$U$48="","",★①様式3号の１入力シート!$U$48) | X48: =IF(★①様式3号の１入力シート!$X$48="","",★①様式3号の１入力シート!$X$48) | Z48: 人 | AA48: =IF(★①様式3号の１入力シート!$AA$48="","",★①様式3号の１入力シート!$AA$48) | AC48: 人
A49: 4 | B49: =IF(★①様式3号の１入力シート!$B$49="","",★①様式3号の１入力シート!$B$49) | F49: =IF(★①様式3号の１入力シート!$F$49="","",★①様式3号の１入力シート!$F$49) | P49: =IF(★①様式3号の１入力シート!$P$49="","",★①様式3号の１入力シート!$P$49) | U49: =IF(★①様式3号の１入力シート!$U$49="","",★①様式3号の１入力シート!$U$49) | X49: =IF(★①様式3号の１入力シート!$X$49="","",★①様式3号の１入力シート!$X$49) | Z49: 人 | AA49: =IF(★①様式3号の１入力シート!$AA$49="","",★①様式3号の１入力シート!$AA$49) | AC49: 人
A50: 5 | B50: =IF(★①様式3号の１入力シート!$B$50="","",★①様式3号の１入力シート!$B$50) | F50: =IF(★①様式3号の１入力シート!$F$50="","",★①様式3号の１入力シート!$F$50) | P50: =IF(★①様式3号の１入力シート!$P$50="","",★①様式3号の１入力シート!$P$50) | U50: =IF(★①様式3号の１入力シート!$U$50="","",★①様式3号の１入力シート!$U$50) | X50: =IF(★①様式3号の１入力シート!$X$50="","",★①様式3号の１入力シート!$X$50) | Z50: 人 | AA50: =IF(★①様式3号の１入力シート!$AA$50="","",★①様式3号の１入力シート!$AA$50) | AC50: 人
A51: 6 | B51: =IF(★①様式3号の１入力シート!$B$51="","",★①様式3号の１入力シート!$B$51) | F51: =IF(★①様式3号の１入力シート!$F$51="","",★①様式3号の１入力シート!$F$51) | P51: =IF(★①様式3号の１入力シート!$P$51="","",★①様式3号の１入力シート!$P$51) | U51: =IF(★①様式3号の１入力シート!$U$51="","",★①様式3号の１入力シート!$U$51) | X51: =IF(★①様式3号の１入力シート!$X$51="","",★①様式3号の１入力シート!$X$51) | Z51: 人 | AA51: =IF(★①様式3号の１入力シート!$AA$51="","",★①様式3号の１入力シート!$AA$51) | AC51: 人
A52: 7 | B52: =IF(★①様式3号の１入力シート!$B$52="","",★①様式3号の１入力シート!$B$52) | F52: =IF(★①様式3号の１入力シート!$F$52="","",★①様式3号の１入力シート!$F$52) | P52: =IF(★①様式3号の１入力シート!$P$52="","",★①様式3号の１入力シート!$P$52) | U52: =IF(★①様式3号の１入力シート!$U$52="","",★①様式3号の１入力シート!$U$52) | X52: =IF(★①様式3号の１入力シート!$X$52="","",★①様式3号の１入力シート!$X$52) | Z52: 人 | AA52: =IF(★①様式3号の１入力シート!$AA$52="","",★①様式3号の１入力シート!$AA$52) | AC52: 人
A53: 8 | B53: =IF(★①様式3号の１入力シート!$B$53="","",★①様式3号の１入力シート!$B$53) | F53: =IF(★①様式3号の１入力シート!$F$53="","",★①様式3号の１入力シート!$F$53) | P53: =IF(★①様式3号の１入力シート!$P$53="","",★①様式3号の１入力シート!$P$53) | U53: =IF(★①様式3号の１入力シート!$U$53="","",★①様式3号の１入力シート!$U$53) | X53: =IF(★①様式3号の１入力シート!$X$53="","",★①様式3号の１入力シート!$X$53) | Z53: 人 | AA53: =IF(★①様式3号の１入力シート!$AA$53="","",★①様式3号の１入力シート!$AA$53) | AC53: 人
A54: 9 | B54: =IF(★①様式3号の１入力シート!$B$54="","",★①様式3号の１入力シート!$B$54) | F54: =IF(★①様式3号の１入力シート!$F$54="","",★①様式3号の１入力シート!$F$54) | P54: =IF(★①様式3号の１入力シート!$P$54="","",★①様式3号の１入力シート!$P$54) | U54: =IF(★①様式3号の１入力シート!$U$54="","",★①様式3号の１入力シート!$U$54) | X54: =IF(★①様式3号の１入力シート!$X$54="","",★①様式3号の１入力シート!$X$54) | Z54: 人 | AA54: =IF(★①様式3号の１入力シート!$AA$54="","",★①様式3号の１入力シート!$AA$54) | AC54: 人
A55: 10 | B55: =IF(★①様式3号の１入力シート!$B$55="","",★①様式3号の１入力シート!$B$55) | F55: =IF(★①様式3号の１入力シート!$F$55="","",★①様式3号の１入力シート!$F$55) | P55: =IF(★①様式3号の１入力シート!$P$55="","",★①様式3号の１入力シート!$P$55) | U55: =IF(★①様式3号の１入力シート!$U$55="","",★①様式3号の１入力シート!$U$55) | X55: =IF(★①様式3号の１入力シート!$X$55="","",★①様式3号の１入力シート!$X$55) | Z55: 人 | AA55: =IF(★①様式3号の１入力シート!$AA$55="","",★①様式3号の１入力シート!$AA$55) | AC55: 人
A56: 11 | B56: =IF(★①様式3号の１入力シート!$B$56="","",★①様式3号の１入力シート!$B$56) | F56: =IF(★①様式3号の１入力シート!$F$56="","",★①様式3号の１入力シート!$F$56) | P56: =IF(★①様式3号の１入力シート!$P$56="","",★①様式3号の１入力シート!$P$56) | U56: =IF(★①様式3号の１入力シート!$U$56="","",★①様式3号の１入力シート!$U$56) | X56: =IF(★①様式3号の１入力シート!$X$56="","",★①様式3号の１入力シート!$X$56) | Z56: 人 | AA56: =IF(★①様式3号の１入力シート!$AA$56="","",★①様式3号の１入力シート!$AA$56) | AC56: 人
A57: 12 | B57: =IF(★①様式3号の１入力シート!$B$57="","",★①様式3号の１入力シート!$B$57) | F57: =IF(★①様式3号の１入力シート!$F$57="","",★①様式3号の１入力シート!$F$57) | P57: =IF(★①様式3号の１入力シート!$P$57="","",★①様式3号の１入力シート!$P$57) | U57: =IF(★①様式3号の１入力シート!$U$57="","",★①様式3号の１入力シート!$U$57) | X57: =IF(★①様式3号の１入力シート!$X$57="","",★①様式3号の１入力シート!$X$57) | Z57: 人 | AA57: =IF(★①様式3号の１入力シート!$AA$57="","",★①様式3号の１入力シート!$AA$57) | AC57: 人
A59: （注意事項）
A60: ①「年月日」欄は、日付順に、1日ごとに記入してください。「 4月1日～4月8日 」といった記入はしないでください。
A61: ②「活動内容」「活動場所」欄は、どんな活動をどこで実施したのか、できるだけ具体的に記入してください。
A62: ③「活動対象者」欄は、どのような方を活動の対象としたのか、できるだけ具体的に記入してください。
A63: ④「活動従事者数」欄は、団体の構成員（スタッフ）が何人活動に参加したのかを記入してください。
A64: ⑤ 13日以上の活動を行った場合、追加で資料等を添付していただく必要はありません。
A65: ※ 次のような活動は活動日数に含まれませんので注意してください。
B66: 宗教・政治・営利活動、ベルマーク等の収集活動、募金活動、物品・現金の寄贈、アルコール飲食を伴うような活動、事前準備（買い出し、仕込み、打合せ等）、団体のメンバーのみを対象とした練習・学習会や総会・例会・ミーティング・親睦会等、活動の性質上1人の活動とならざるを得ない活動以外での1人で行う活動
A68: ○ 活動の収入及び支出
A69: （収入の部） | P69: （支出の部）
A70: 科目 | H70: 金額（円） | P70: 科目 | W70: 金額（円）
A71: 県民ボランタリー活動助成金 | H71: 20000 | P71: 対象経費（合計） | W71: =★①様式3号の１入力シート!$W$71 -> 0
A73: =IF(★①様式3号の１入力シート!$A$73="","",★①様式3号の１入力シート!$A$73) | H73: =IF(★①様式3号の１入力シート!$H$73="","",★①様式3号の１入力シート!$H$73)
P74: 市区町社協チェック✔欄
A75: =IF(★①様式3号の１入力シート!$A$75="","",★①様式3号の１入力シート!$A$75) | H75: =IF(★①様式3号の１入力シート!$H$75="","",★①様式3号の１入力シート!$H$75) | R75: １ 活動内容を把握しています。
A77: =IF(★①様式3号の１入力シート!$A$77="","",★①様式3号の１入力シート!$A$77) | H77: =IF(★①様式3号の１入力シート!$H$77="","",★①様式3号の１入力シート!$H$77) | R77: ２ 令和７年度、本助成金交付団体です。
A79: 合計 | H79: =IF(★①様式3号の１入力シート!$H$79="","",★①様式3号の１入力シート!$H$79) -> 20000 | P79: 【備考欄】
P80: (受付社協記入欄)
A82: (注意事項)
A83: ① | B83: 合計金額は、40,000円（税込金額）以上、収入の部 ≧ 支出の部となるように注意してください。
A84: ② | B84: 支出の部「対象経費(合計)」金額欄にはチラシの「対象経費」欄をよくご確認のうえ、この助成の対象となる活動を行った際に、対象 となる経費を支払った合計金額を記入してください。
A85: ※1 | B85: この用紙に記入された個人情報は、本事業及びひょうごボランタリープラザが実施する「県民ボランタリー活動実態調査」の送付先として使用することがありますが、それ以外の目的で使用することはありません。なお、助成決定団体は、団体名、活動分野、活動地域（市区町名）が情報公開の対象となります。
A86: ※2 | B86: 1枚目県社協用、2枚目 市町社協控用、３枚目 区社協・市町社協支部・支所控用、4枚目 団体控用の4枚印刷してください。
A87: （様式3号の1） | AC87: （2枚目 市町社協控え用）
P88: 受 付 社 協 | Z88: （支部・支所）
P89: エントリー番号
A91: 令和８年度ひょうごボランタリー基金
A92: 県民ボランタリー活動助成金交付申請書兼請求書
A93: 社会福祉法人兵庫県社会福祉協議会会長 様
A94: （ひょうごボランタリープラザ）
T95: 申請日 | V95: 令和 | X95: =IF(★①様式3号の１入力シート!$X$9="","",★①様式3号の１入力シート!$X$9) | Y95: 年 | Z95: =IF(★①様式3号の１入力シート!$Z$9="","",★①様式3号の１入力シート!$Z$9) | AA95: 月 | AB95: =IF(★①様式3号の１入力シート!$AB$9="","",★①様式3号の１入力シート!$AB$9) | AC95: 日
A96: 団 体 名 | D96: =IF(★①様式3号の１入力シート!$D$10="","",★①様式3号の１入力シート!$D$10)
D97: ※エントリー書に記載した名称を記入してください（例：朗読ボランティアグループさくら）
A98: 代表者職・氏名 | D98: 職名 | F98: =IF(★①様式3号の１入力シート!$F$12="","",★①様式3号の１入力シート!$F$12) | P98: 氏名 | R98: =IF(★①様式3号の１入力シート!$R$12="","",★①様式3号の１入力シート!$R$12)
A99: 団体の主たる事務所又は代表者の住所 | D99: 〒 | E99: =IF(★①様式3号の１入力シート!$E$13="","",★①様式3号の１入力シート!$E$13) | I99: =IF(★①様式3号の１入力シート!$I$13="","",★①様式3号の１入力シート!$I$13)
A100: 電 話 番 号 | D100: =IF(★①様式3号の１入力シート!$D$14="","",★①様式3号の１入力シート!$D$14) | P100: ＦＡＸ番号 | S100: =IF(★①様式3号の１入力シート!$S$14="","",★①様式3号の１入力シート!$S$14)
A101: 令和８年度ひょうごボランタリー基金県民ボランタリー活動助成金の交付を受けたいので、次のとおり申請及び請求します。
A102: 助成金交付申請及び請求額 | D102: 20000 | I102: 円 | J102: 団体の構成人数 | P102: =IF(★①様式3号の１入力シート!$P$16="","",★①様式3号の１入力シート!$P$16) | U102: 人 ※実際の活動人数を記入してください。
F103: 氏 名 | L103: 住 所 | X103: 電 話 番 号
A104: 構成員の名簿 | D104: 1 代表者 | F104: =IF(★①様式3号の１入力シート!$F$18="","",★①様式3号の１入力シート!$F$18) | L104: =IF(★①様式3号の１入力シート!$L$18="","",★①様式3号の１入力シート!$L$18) | X104: =IF(★①様式3号の１入力シート!$X$18="","",★①様式3号の１入力シート!$X$18)
A105: ※ 上記「団体の構成人数」のうち、代表者、会計担当を含めて5名分を記入してください。 | D105: 2 会 計 | F105: =IF(★①様式3号の１入力シート!$F$19="","",★①様式3号の１入力シート!$F$19) | L105: =IF(★①様式3号の１入力シート!$L$19="","",★①様式3号の１入力シート!$L$19) | X105: =IF(★①様式3号の１入力シート!$X$19="","",★①様式3号の１入力シート!$X$19)
D106: 3 | F106: =IF(★①様式3号の１入力シート!$F$20="","",★①様式3号の１入力シート!$F$20) | L106: =IF(★①様式3号の１入力シート!$L$20="","",★①様式3号の１入力シート!$L$20) | X106: =IF(★①様式3号の１入力シート!$X$20="","",★①様式3号の１入力シート!$X$20)
A107: ※ 5名以上の構成員がいる場合、追加の名簿等を添付していただく必要はありません。 | D107: 4 | F107: =IF(★①様式3号の１入力シート!$F$21="","",★①様式3号の１入力シート!$F$21) | L107: =IF(★①様式3号の１入力シート!$L$21="","",★①様式3号の１入力シート!$L$21) | X107: =IF(★①様式3号の１入力シート!$X$21="","",★①様式3号の１入力シート!$X$21)
D108: 5 | F108: =IF(★①様式3号の１入力シート!$F$22="","",★①様式3号の１入力シート!$F$22) | L108: =IF(★①様式3号の１入力シート!$L$22="","",★①様式3号の１入力シート!$L$22) | X108: =IF(★①様式3号の１入力シート!$X$22="","",★①様式3号の１入力シート!$X$22)
A109: ※ 代表者と会計が同一人物の場合は記入してください。 | D109: 6 | F109: =IF(★①様式3号の１入力シート!$F$23="","",★①様式3号の１入力シート!$F$23) | L109: =IF(★①様式3号の１入力シート!$L$23="","",★①様式3号の１入力シート!$L$23) | X109: =IF(★①様式3号の１入力シート!$X$23="","",★①様式3号の１入力シート!$X$23)
A110: 活動分野 | C110: 次の19の活動分野の中で、メインの活動分野を一つ選んで◎を、それ以外の活動分野すべてに○を、（ ）に記入してください。 ドロップダウンリストから選択
C111: ( | D111: =IF(★①様式3号の１入力シート!$D$25="","",★①様式3号の１入力シート!$D$25) | E111: ) 1 | F111: 保健、医療又は福祉の増進を図る活動 | L111: ( | M111: =IF(★①様式3号の１入力シート!$M$25="","",★①様式3号の１入力シート!$M$25) | N111: ) 8 | O111: 災害救援活動 | U111: ( | V111: =IF(★①様式3号の１入力シート!$V$25="","",★①様式3号の１入力シート!$V$25) | W111: )15 | X111: 科学技術の振興を図る活動
...

Sheet ②様式3号の２印刷
A1: （様式3号の2） | AC1: （1枚目 県社協提出用）
P2: 受 付 社 協 | Z2: （支部・支所）
P3: エントリー番号
A5: 令和８年度ひょうごボランタリー基金
A6: 県民ボランタリー活動助成金交付申請書兼請求書
A7: 社会福祉法人兵庫県社会福祉協議会会長 様
A8: （ひょうごボランタリープラザ）
T9: 申請日 | V9: 令和 | X9: =IF(★①様式3号の１入力シート!$X$9="","",★①様式3号の１入力シート!$X$9) | Y9: 年 | Z9: =IF(★①様式3号の１入力シート!$Z$9="","",★①様式3号の１入力シート!$Z$9) | AA9: 月 | AB9: =IF(★①様式3号の１入力シート!$AB$9="","",★①様式3号の１入力シート!$AB$9) | AC9: 日
A10: 団 体 名 | D10: =IF(★①様式3号の１入力シート!$D$10="","",★①様式3号の１入力シート!$D$10)
D11: ※エントリー書に記載した名称を記入してください（例：朗読ボランティアグループさくら）
A13: ○ 活動の支出
A14: （支出の部）
A15: 科 目 | F15: 支出の内容 | X15: 金額（円）
A16: =IF('★②様式3号の２入力シート '!$A$16="","",'★②様式3号の２入力シート '!$A$16) | F16: =IF('★②様式3号の２入力シート '!$F$16="","",'★②様式3号の２入力シート '!$F$16) | X16: =IF('★②様式3号の２入力シート '!$X$16="","",'★②様式3号の２入力シート '!$X$16)
A17: =IF('★②様式3号の２入力シート '!$A$17="","",'★②様式3号の２入力シート '!$A$17) | F17: =IF('★②様式3号の２入力シート '!$F$17="","",'★②様式3号の２入力シート '!$F$17) | X17: =IF('★②様式3号の２入力シート '!$X$17="","",'★②様式3号の２入力シート '!$X$17)
A18: =IF('★②様式3号の２入力シート '!$A$18="","",'★②様式3号の２入力シート '!$A$18) | F18: =IF('★②様式3号の２入力シート '!$F$18="","",'★②様式3号の２入力シート '!$F$18) | X18: =IF('★②様式3号の２入力シート '!$X$18="","",'★②様式3号の２入力シート '!$X$18)
A19: =IF('★②様式3号の２入力シート '!$A$19="","",'★②様式3号の２入力シート '!$A$19) | F19: =IF('★②様式3号の２入力シート '!$F$19="","",'★②様式3号の２入力シート '!$F$19) | X19: =IF('★②様式3号の２入力シート '!$X$19="","",'★②様式3号の２入力シート '!$X$19)
A20: =IF('★②様式3号の２入力シート '!$A$20="","",'★②様式3号の２入力シート '!$A$20) | F20: =IF('★②様式3号の２入力シート '!$F$20="","",'★②様式3号の２入力シート '!$F$20) | X20: =IF('★②様式3号の２入力シート '!$X$20="","",'★②様式3号の２入力シート '!$X$20)
A21: =IF('★②様式3号の２入力シート '!$A$21="","",'★②様式3号の２入力シート '!$A$21) | F21: =IF('★②様式3号の２入力シート '!$F$21="","",'★②様式3号の２入力シート '!$F$21) | X21: =IF('★②様式3号の２入力シート '!$X$21="","",'★②様式3号の２入力シート '!$X$21)
A22: =IF('★②様式3号の２入力シート '!$A$22="","",'★②様式3号の２入力シート '!$A$22) | F22: =IF('★②様式3号の２入力シート '!$F$22="","",'★②様式3号の２入力シート '!$F$22) | X22: =IF('★②様式3号の２入力シート '!$X$22="","",'★②様式3号の２入力シート '!$X$22)
A23: =IF('★②様式3号の２入力シート '!$A$23="","",'★②様式3号の２入力シート '!$A$23) | F23: =IF('★②様式3号の２入力シート '!$F$23="","",'★②様式3号の２入力シート '!$F$23) | X23: =IF('★②様式3号の２入力シート '!$X$23="","",'★②様式3号の２入力シート '!$X$23)
A24: =IF('★②様式3号の２入力シート '!$A$24="","",'★②様式3号の２入力シート '!$A$24) | F24: =IF('★②様式3号の２入力シート '!$F$24="","",'★②様式3号の２入力シート '!$F$24) | X24: =IF('★②様式3号の２入力シート '!$X$24="","",'★②様式3号の２入力シート '!$X$24)
A25: 合 計 | X25: =IF('★②様式3号の２入力シート '!$X$25="","",'★②様式3号の２入力シート '!$X$25) -> 0
A27: (注意事項)
A28: ① | B28: 合計で、40,000円（税込金額）以上の対象経費支出が必要です。
A29: ② | B29: 支出の部「対象経費(合計)」金額欄にはチラシの「対象経費」欄をよくご確認のうえ、この助成の対象となる活動を行った際に、対象 となる経費を支払った合計金額を記入してください。
A30: ③ | B30: 「金額」欄には、この助成の対象となる活動を行った際に、対象となる経費を支払った金額を記入してください。
A31: ④ | B31: チラシの「対象経費」欄をよくご確認のうえ、記入してください。
A32: ※1 | B32: この用紙に記入された個人情報は、本事業及びひょうごボランタリープラザが実施する「県民ボランタリー活動実態調査」の送付先として使用することがありますが、それ以外の目的で使用することはありません。なお、助成決定団体は、団体名、活動分野、活動地域（市区町名）が情報公開の対象となります。
A33: ※2 | B33: 1枚目社協用、2枚目 市町社協控用、３枚目 区社協・市町社協支部・支所控用、4枚目 団体控用の4枚印刷してください。
A34: （様式3号の2） | AC34: （2枚目 市町社協控え用）
P35: 受 付 社 協 | Z35: （支部・支所）
P36: エントリー番号
A38: 令和８年度ひょうごボランタリー基金
A39: 県民ボランタリー活動助成金交付申請書兼請求書
A40: 社会福祉法人兵庫県社会福祉協議会会長 様
A41: （ひょうごボランタリープラザ）
T42: 申請日 | V42: 令和 | X42: =IF(★①様式3号の１入力シート!$X$9="","",★①様式3号の１入力シート!$X$9) | Y42: 年 | Z42: =IF(★①様式3号の１入力シート!$Z$9="","",★①様式3号の１入力シート!$Z$9) | AA42: 月 | AB42: =IF(★①様式3号の１入力シート!$AB$9="","",★①様式3号の１入力シート!$AB$9) | AC42: 日
A43: 団 体 名 | D43: =IF(★①様式3号の１入力シート!$D$10="","",★①様式3号の１入力シート!$D$10)
D44: ※エントリー書に記載した名称を記入してください（例：朗読ボランティアグループさくら）
A46: ○ 活動の支出
A47: （支出の部）
A48: 科 目 | F48: 支出の内容 | X48: 金額（円）
A49: =IF('★②様式3号の２入力シート '!$A$16="","",'★②様式3号の２入力シート '!$A$16) | F49: =IF('★②様式3号の２入力シート '!$F$16="","",'★②様式3号の２入力シート '!$F$16) | X49: =IF('★②様式3号の２入力シート '!$X$16="","",'★②様式3号の２入力シート '!$X$16)
A50: =IF('★②様式3号の２入力シート '!$A$17="","",'★②様式3号の２入力シート '!$A$17) | F50: =IF('★②様式3号の２入力シート '!$F$17="","",'★②様式3号の２入力シート '!$F$17) | X50: =IF('★②様式3号の２入力シート '!$X$17="","",'★②様式3号の２入力シート '!$X$17)
A51: =IF('★②様式3号の２入力シート '!$A$18="","",'★②様式3号の２入力シート '!$A$18) | F51: =IF('★②様式3号の２入力シート '!$F$18="","",'★②様式3号の２入力シート '!$F$18) | X51: =IF('★②様式3号の２入力シート '!$X$18="","",'★②様式3号の２入力シート '!$X$18)
A52: =IF('★②様式3号の２入力シート '!$A$19="","",'★②様式3号の２入力シート '!$A$19) | F52: =IF('★②様式3号の２入力シート '!$F$19="","",'★②様式3号の２入力シート '!$F$19) | X52: =IF('★②様式3号の２入力シート '!$X$19="","",'★②様式3号の２入力シート '!$X$19)
A53: =IF('★②様式3号の２入力シート '!$A$20="","",'★②様式3号の２入力シート '!$A$20) | F53: =IF('★②様式3号の２入力シート '!$F$20="","",'★②様式3号の２入力シート '!$F$20) | X53: =IF('★②様式3号の２入力シート '!$X$20="","",'★②様式3号の２入力シート '!$X$20)
A54: =IF('★②様式3号の２入力シート '!$A$21="","",'★②様式3号の２入力シート '!$A$21) | F54: =IF('★②様式3号の２入力シート '!$F$21="","",'★②様式3号の２入力シート '!$F$21) | X54: =IF('★②様式3号の２入力シート '!$X$21="","",'★②様式3号の２入力シート '!$X$21)
A55: =IF('★②様式3号の２入力シート '!$A$22="","",'★②様式3号の２入力シート '!$A$22) | F55: =IF('★②様式3号の２入力シート '!$F$22="","",'★②様式3号の２入力シート '!$F$22) | X55: =IF('★②様式3号の２入力シート '!$X$22="","",'★②様式3号の２入力シート '!$X$22)
A56: =IF('★②様式3号の２入力シート '!$A$23="","",'★②様式3号の２入力シート '!$A$23) | F56: =IF('★②様式3号の２入力シート '!$F$23="","",'★②様式3号の２入力シート '!$F$23) | X56: =IF('★②様式3号の２入力シート '!$X$23="","",'★②様式3号の２入力シート '!$X$23)
A57: =IF('★②様式3号の２入力シート '!$A$24="","",'★②様式3号の２入力シート '!$A$24) | F57: =IF('★②様式3号の２入力シート '!$F$24="","",'★②様式3号の２入力シート '!$F$24) | X57: =IF('★②様式3号の２入力シート '!$X$24="","",'★②様式3号の２入力シート '!$X$24)
A58: 合 計 | X58: =IF('★②様式3号の２入力シート '!$X$25="","",'★②様式3号の２入力シート '!$X$25) -> 0
A60: (注意事項)
A61: ① | B61: 合計で、40,000円（税込金額）以上の対象経費支出が必要です。
A62: ② | B62: 支出の部「対象経費(合計)」金額欄にはチラシの「対象経費」欄をよくご確認のうえ、この助成の対象となる活動を行った際に、対象 となる経費を支払った合計金額を記入してください。
A63: ③ | B63: 「金額」欄には、この助成の対象となる活動を行った際に、対象となる経費を支払った金額を記入してください。
A64: ④ | B64: チラシの「対象経費」欄をよくご確認のうえ、記入してください。
A65: ※1 | B65: この用紙に記入された個人情報は、本事業及びひょうごボランタリープラザが実施する「県民ボランタリー活動実態調査」の送付先として使用することがありますが、それ以外の目的で使用することはありません。なお、助成決定団体は、団体名、活動分野、活動地域（市区町名）が情報公開の対象となります。
A66: ※2 | B66: 1枚目社協用、2枚目 市町社協控用、３枚目 区社協・市町社協支部・支所控用、4枚目 団体控用の4枚印刷してください。
A67: （様式3号の2） | AC67: （3枚目 区社協・市町社協支部・支所控え用）
P68: 受 付 社 協 | Z68: （支部・支所）
P69: エントリー番号
A71: 令和８年度ひょうごボランタリー基金
A72: 県民ボランタリー活動助成金交付申請書兼請求書
A73: 社会福祉法人兵庫県社会福祉協議会会長 様
A74: （ひょうごボランタリープラザ）
T75: 申請日 | V75: 令和 | X75: =IF(★①様式3号の１入力シート!$X$9="","",★①様式3号の１入力シート!$X$9) | Y75: 年 | Z75: =IF(★①様式3号の１入力シート!$Z$9="","",★①様式3号の１入力シート!$Z$9) | AA75: 月 | AB75: =IF(★①様式3号の１入力シート!$AB$9="","",★①様式3号の１入力シート!$AB$9) | AC75: 日
A76: 団 体 名 | D76: =IF(★①様式3号の１入力シート!$D$10="","",★①様式3号の１入力シート!$D$10)
D77: ※エントリー書に記載した名称を記入してください（例：朗読ボランティアグループさくら）
A79: ○ 活動の支出
A80: （支出の部）
A81: 科 目 | F81: 支出の内容 | X81: 金額（円）
A82: =IF('★②様式3号の２入力シート '!$A$16="","",'★②様式3号の２入力シート '!$A$16) | F82: =IF('★②様式3号の２入力シート '!$F$16="","",'★②様式3号の２入力シート '!$F$16) | X82: =IF('★②様式3号の２入力シート '!$X$16="","",'★②様式3号の２入力シート '!$X$16)
A83: =IF('★②様式3号の２入力シート '!$A$17="","",'★②様式3号の２入力シート '!$A$17) | F83: =IF('★②様式3号の２入力シート '!$F$17="","",'★②様式3号の２入力シート '!$F$17) | X83: =IF('★②様式3号の２入力シート '!$X$17="","",'★②様式3号の２入力シート '!$X$17)
A84: =IF('★②様式3号の２入力シート '!$A$18="","",'★②様式3号の２入力シート '!$A$18) | F84: =IF('★②様式3号の２入力シート '!$F$18="","",'★②様式3号の２入力シート '!$F$18) | X84: =IF('★②様式3号の２入力シート '!$X$18="","",'★②様式3号の２入力シート '!$X$18)
A85: =IF('★②様式3号の２入力シート '!$A$19="","",'★②様式3号の２入力シート '!$A$19) | F85: =IF('★②様式3号の２入力シート '!$F$19="","",'★②様式3号の２入力シート '!$F$19) | X85: =IF('★②様式3号の２入力シート '!$X$19="","",'★②様式3号の２入力シート '!$X$19)
A86: =IF('★②様式3号の２入力シート '!$A$20="","",'★②様式3号の２入力シート '!$A$20) | F86: =IF('★②様式3号の２入力シート '!$F$20="","",'★②様式3号の２入力シート '!$F$20) | X86: =IF('★②様式3号の２入力シート '!$X$20="","",'★②様式3号の２入力シート '!$X$20)
A87: =IF('★②様式3号の２入力シート '!$A$21="","",'★②様式3号の２入力シート '!$A$21) | F87: =IF('★②様式3号の２入力シート '!$F$21="","",'★②様式3号の２入力シート '!$F$21) | X87: =IF('★②様式3号の２入力シート '!$X$21="","",'★②様式3号の２入力シート '!$X$21)
A88: =IF('★②様式3号の２入力シート '!$A$22="","",'★②様式3号の２入力シート '!$A$22) | F88: =IF('★②様式3号の２入力シート '!$F$22="","",'★②様式3号の２入力シート '!$F$22) | X88: =IF('★②様式3号の２入力シート '!$X$22="","",'★②様式3号の２入力シート '!$X$22)
A89: =IF('★②様式3号の２入力シート '!$A$23="","",'★②様式3号の２入力シート '!$A$23) | F89: =IF('★②様式3号の２入力シート '!$F$23="","",'★②様式3号の２入力シート '!$F$23) | X89: =IF('★②様式3号の２入力シート '!$X$23="","",'★②様式3号の２入力シート '!$X$23)
A90: =IF('★②様式3号の２入力シート '!$A$24="","",'★②様式3号の２入力シート '!$A$24) | F90: =IF('★②様式3号の２入力シート '!$F$24="","",'★②様式3号の２入力シート '!$F$24) | X90: =IF('★②様式3号の２入力シート '!$X$24="","",'★②様式3号の２入力シート '!$X$24)
A91: 合 計 | X91: =IF('★②様式3号の２入力シート '!$X$25="","",'★②様式3号の２入力シート '!$X$25) -> 0
A93: (注意事項)
A94: ① | B94: 合計で、40,000円（税込金額）以上の対象経費支出が必要です。
A95: ② | B95: 支出の部「対象経費(合計)」金額欄にはチラシの「対象経費」欄をよくご確認のうえ、この助成の対象となる活動を行った際に、対象 となる経費を支払った合計金額を記入してください。
A96: ③ | B96: 「金額」欄には、この助成の対象となる活動を行った際に、対象となる経費を支払った金額を記入してください。
A97: ④ | B97: チラシの「対象経費」欄をよくご確認のうえ、記入してください。
A98: ※1 | B98: この用紙に記入された個人情報は、本事業及びひょうごボランタリープラザが実施する「県民ボランタリー活動実態調査」の送付先として使用することがありますが、それ以外の目的で使用することはありません。なお、助成決定団体は、団体名、活動分野、活動地域（市区町名）が情報公開の対象となります。
A99: ※2 | B99: 1枚目社協用、2枚目 市町社協控用、３枚目 区社協・市町社協支部・支所控用、4枚目 団体控用の4枚印刷してください。
A100: （様式3号の2） | AC100: （4枚目 団体控え用）
P101: 受 付 社 協 | Z101: （支部・支所）
P102: エントリー番号
A104: 令和８年度ひょうごボランタリー基金
A105: 県民ボランタリー活動助成金交付申請書兼請求書
A106: 社会福祉法人兵庫県社会福祉協議会会長 様
A107: （ひょうごボランタリープラザ）
T108: 申請日 | V108: 令和 | X108: =IF(★①様式3号の１入力シート!$X$9="","",★①様式3号の１入力シート!$X$9) | Y108: 年 | Z108: =IF(★①様式3号の１入力シート!$Z$9="","",★①様式3号の１入力シート!$Z$9) | AA108: 月 | AB108: =IF(★①様式3号の１入力シート!$AB$9="","",★①様式3号の１入力シート!$AB$9) | AC108: 日
A109: 団 体 名 | D109: =IF(★①様式3号の１入力シート!$D$10="","",★①様式3号の１入力シート!$D$10)
D110: ※エントリー書に記載した名称を記入してください（例：朗読ボランティアグループさくら）
...
